 Dungeon Crawl Stone Soup version 0.29-a0-284-gf9362112df (webtiles) character file.

Game seed: 9267384091763318991

904 kae the Slasher (level 8, 0/63 HPs)
             Began as a Merfolk Abyssal Knight on Mar 15, 2022.
             Was a Priest of Lugonu.
             Slain by a yak (9 damage)
             ... on level 4 of the Dungeon.
             The game lasted 00:05:24 (6674 turns).

kae the Slasher (Merfolk Abyssal Knight)            Turns: 6674, Time: 00:05:25

Health: 0/63       AC:  5    Str: 14      XL:     8   Next: 8%
Magic:  11/11      EV: 14    Int:  9      God:    Lugonu [***...]
Gold:   892        SH:  0    Dex: 15 (16) Spells: 7/7 levels left

rFire   . . .      SeeInvis .   a - +1 falchion
rCold   . . .      Faith    .   (no shield)
rNeg    . . .      Spirit   .   b - +0 leather armour
rPois   .          Reflect  .   j - +0 helmet
rElec   .          Harm     .   c - +0 cloak
rCorr   .          Rampage  .   (no gloves)
Will    .....                   (no boots)
Stlth   +.........              (no amulet)
HPRegen 0.20/turn               (no ring)
MPRegen 0.12/turn               (no ring)

@: no status effects
A: (nimble swimmer 2), mertail
a: Renounce Religion, Depart the Abyss, Bend Space, Banish


You were on level 4 of the Dungeon.
You worshipped Lugonu.
Lugonu was most pleased with you.
You visited 1 branch of the dungeon, and saw 5 of its levels.
You visited the Abyss 1 time.

You collected 892 gold pieces.

Inventory:

Hand Weapons
 a - a +1 falchion (weapon)
Armour
 b - a +0 leather armour (worn)
 c - a +0 cloak (worn)
 i - a scarf of shadows
 j - a +0 helmet (worn)
Jewellery
 h - an amulet of the acrobat
Wands
 d - a wand of polymorph (5)
Scrolls
 n - 2 scrolls of identify
Potions
 e - a potion of flight
 g - 2 potions of curing


   Skills:
 + Level 5.4 Fighting
 * Level 7.1 Long Blades
 - Level 0.6 Armour
 + Level 5.8 Dodging
 + Level 4.6 Invocations


You had 7 spell levels left.
You didn't know any spells.
Your spell library contained the following spells:

 Spells                   Type           Power      Damage    Failure   Level
 Apportation              Tloc           0%         N/A       45%         1
 Alistair's Intoxication  Tmut/Pois      0%         N/A       100%        5
 Malign Gateway           Summ/Tloc      0%         N/A       100%        7
 Summon Horrible Things   Summ           0%         N/A       100%        8


Dungeon Overview and Level Annotations

Branches:
Dungeon (5/15)             Temple (0/1) D:5

Altars:
Okawaru
Ru
The Shining One

Shops:
D:3 [

Annotations:
D:5 exclusion: yak


Innate Abilities, Weirdness & Mutations

((You are very nimble when in or above water. (Stealth+, EV+, Speed+++)))
Your lower body shifts to a powerful aquatic tail in water.


Message History

You slash the yak!
The yak is moderately wounded.
The yak closely misses you.
You are too injured to fight recklessly!
You are too injured to fight recklessly!
You barely miss the yak.
The yak is moderately wounded.
The yak misses you.
You barely miss the yak.
The yak is moderately wounded.
The yak closely misses you.
You hit the yak but do no damage.
The yak is moderately wounded.
The yak gores you but does no damage.
You hit the yak.
The yak is moderately wounded.
The yak gores you.
You slash the yak!
The yak is heavily wounded.
The yak completely misses you.
You hit the yak but do no damage.
The yak is heavily wounded.
The yak misses you.
You barely miss the yak.
The yak is heavily wounded.
The yak barely misses you.
You closely miss the yak.
The yak is heavily wounded.
The yak gores you.
You hit the yak.
The yak is severely wounded.
The yak gores you!
You hit the yak but do no damage.
The yak is severely wounded.
The yak gores you!
* * * LOW HITPOINT WARNING * * *
You hit the yak.
The yak is severely wounded.
The yak gores you!
You die...

#...# #.# ## ###.###.#
###### #. ##..##+##
#....#######. #.......#
#.........##. #.......#
#.........##. #.......#
#.........##.
#.......#####.......)'.
#....[.Y...##.......##.
#.....@..#.##.......#<.
#........#.########.#.#
#........#.# #.#.#
##'#####.#.# #.#.# #.#
#.#.# #.#.. #.#
#.#.########.### #.#
#.#........#.# #.#
#.########.#.# #.#
#.#....# #.#.#


You could see a yak.

Vanquished Creatures
  Sigmund (D:4)
  A yak (D:5)
  Menkaure (D:4)
  Duvessa (D:4)
  An ogre (D:5)
  Dowan (D:4)
  A jelly (D:4)
  3 iguanas
  4 adders
  A shadow imp (D:5)
  2 white imps (D:5)
  4 worms
  4 dart slugs
  8 orcs
  4 ball pythons
  7 endoplasms
  5 giant cockroaches
  8 goblins
  6 hobgoblins
  3 quokkas
  4 bats
  10 frilled lizards
  5 kobolds
  4 rats
89 creatures vanquished.

Vanquished Creatures (others)
  6 plants (D:1)
6 creatures vanquished.

Grand Total: 95 creatures vanquished

Notes
Turn   | Place    | Note
-------+----------+-------------------------------------------
     0 | Abyss:1  | kae the Merfolk Abyssal Knight began the quest for the Orb.
     0 | Abyss:1  | Reached XP level 1. HP: 18/18 MP: 2/2
    64 | Abyss:1  | Noticed an ancient zyme
    67 | D:1      | Escaped the Abyss
   358 | D:1      | Reached ** piety under Lugonu
   479 | D:1      | Reached XP level 2. HP: 23/24 MP: 3/3
   826 | D:1      | Reached skill level 3 in Long Blades
   914 | D:1      | Found a faded altar of an unknown god.
   932 | D:1      | Reached XP level 3. HP: 13/29 MP: 4/4
  2320 | D:3      | Found Veceum's Armour Boutique.
  2323 | D:3      | Reached *** piety under Lugonu
  2324 | D:3      | Reached XP level 4. HP: 37/37 MP: 5/5
  2885 | D:3      | Found a glowing golden altar of the Shining One.
  2916 | D:3      | Reached skill level 4 in Long Blades
  3083 | D:4      | Noticed Sigmund
  3198 | D:4      | Noticed Menkaure
  3203 | D:4      | Killed Menkaure
  3204 | D:4      | Reached XP level 5. HP: 42/42 MP: 7/7
  3492 | D:4      | HP: 2/42 [iguana (8)]
  3496 | D:4      | Reached skill level 5 in Long Blades
  3496 | D:4      | Reached XP level 6. HP: 30/49 MP: 8/8
  3725 | D:4      | Noticed Duvessa
  3727 | D:4      | Noticed Dowan
  3753 | D:4      | Killed Duvessa
  3757 | D:4      | HP: 2/73 [Dowan/stone arrow (10)]
  3763 | D:4      | Killed Dowan
  3991 | D:4      | Found a sacrificial altar of Ru.
  3991 | D:4      | Found an iron altar of Okawaru.
  4008 | D:4      | Identified a scroll of acquirement
  4008 | D:4      | Acquired 671 gold pieces
  4428 | D:4      | Killed Sigmund
  4429 | D:4      | Reached skill level 6 in Long Blades
  4429 | D:4      | Reached skill level 5 in Dodging
  4429 | D:4      | Reached XP level 7. HP: 44/55 MP: 8/10
  4575 | D:5      | Entered Level 5 of the Dungeon
  4592 | D:4      | Reached skill level 5 in Fighting
  5472 | D:5      | Found a staircase to the Ecumenical Temple.
  6102 | D:5      | Noticed a yak
  6190 | D:5      | Noticed a yak
  6202 | D:5      | Noticed a yak
  6204 | D:5      | Noticed a yak
  6322 | D:5      | Killed a yak
  6323 | D:5      | Reached skill level 7 in Long Blades
  6323 | D:5      | Reached XP level 8. HP: 53/63 MP: 11/11
  6674 | D:4      | Slain by a yak

Illustrated notes

Levels and vault maps discovered:
D:1:      nzn_arrival_crosshair, layout_rooms,
          hellmonk_ecumenical_altar_heavens_door, minmay_lizard_king
D:2:      layout_basic
D:3:      layout_rooms, tso_metal_star, serial_shops,
          nicolae_shop_temple_entry_statues_fountains,
          nicolae_concentric_dashed_squares_wild, minmay_misc_feat_rows
D:4:      layout_basic, chequers_temple_overflow_statue_of_worship,
          uniq_duvessa, uniq_sigmund, uniq_menkaure
D:5:      layout_basic, minmay_temple_entry_ruins

Skill      XL: |  1  2  3  4  5  6  7 |
---------------+----------------------+-----
Dodging        | 3 4 5 |  5.8
Long Blades    | 3 4 5 6 7 |  7.1
Fighting       | 4 5 |  5.4
Invocations    | 3 4 |  4.6
Armour         | |  0.6

Action                   |  1- 3 |  4- 6 |  7- 9 || total
-------------------------+-------+-------+-------++-------
Melee: Falchion          |   117 |   148 |   151 ||   416
       Punch             |       |       |     2 ||     2
Invok: Depart the Abyss  |     1 |       |       ||     1
       Bend Space        |       |       |     1 ||     1
  Use: Scroll            |     5 |     5 |     1 ||    11
       Potion            |       |     8 |     1 ||     9
 Stab: Invisible         |       |     3 |       ||     3
       Sleeping          |       |       |     1 ||     1
Armor: Leather armour    |    30 |    22 |    34 ||    86
       Skin              |       |    19 |       ||    19
Dodge: Dodged            |    79 |    75 |    67 ||   221

Table legend: (Time is in decaauts)
 A = Elapsed time spent in this place.
 B = Non-inter-level travel time spent in this place.
 C = Inter-level travel time spent in this place.
 D = Time resting spent in this place.
 E = Time spent auto-exploring this place.
 F = Levels seen in this place.
 G = Mean time per level.
                   A        B        C        D        E       F      G
               +--------+--------+--------+--------+--------+-----+--------+
         Total |   6700 |   6441 |    259 |   2165 |   3275 |   6 | 1116.7 |
       Dungeon |   6633 |   6374 |    259 |   2165 |   3212 |   5 | 1326.6 |
         Abyss |     67 |     67 |      0 |      0 |     63 |   1 |   67.0 |
               +--------+--------+--------+--------+--------+-----+--------+

Top non-repeatable levels by time:
     D:4: 1838 daAuts
     D:5: 1551 daAuts
     D:1: 1535 daAuts
     D:3: 975 daAuts
     D:2: 732 daAuts
 Abyss:1: 67 daAuts
